 Seeded DCSS version 0.31.0-32-g396128a36d (webtiles) character file.

Game seed: 4073344203867303942 (custom seed)

1670 firemarshallily the Magician (level 9, -6/61 HPs)
             Began as an Octopode Conjurer on Mar 11, 2024.
             Was an Initiate of Sif Muna.
             Killed from afar by Maggie (31 damage)
             ... with a bolt of fire
             ... on level 6 of the Dungeon.
             The game lasted 00:14:22 (6597 turns).

firemarshallily the Magician (Octopode Conjurer)    Turns: 6597, Time: 00:14:26

Health: -6/61      AC:  1    Str:  6    XL:     9   Next: 1%
Magic:  23/29      EV: 13    Int: 30    God:    Sif Muna [......]
Gold:   167        SH:  5    Dex: 11    Spells: 9/22 levels left

rFire   . . .        h - +2 flail (protect)
rCold   . . .        (no shield)
rNeg    . . .        (helmet restricted)
rPois   .            t - amulet of reflection
rElec   .            n - +6 ring of intelligence
rCorr   .            q - ring of magical power
SInv    .            (no ring)
Will    .....        (no ring)
Stlth   +++          (no ring)
HPRegen 0.30/turn    (no ring)
MPRegen 0.21/turn    (no ring)
                     (no ring)

%: reflection
@: about to teleport, mesmerised, studying Unarmed Combat
A: almost no armour, amphibious, 8 rings, camouflage 1, gelatinous body 1,
(nimble swimmer 1), tentacles
a: Renounce Religion


You were on level 6 of the Dungeon.
You worshipped Sif Muna.
Sif Muna was noncommittal.
You visited 2 branches of the dungeon, and saw 7 of its levels.

You collected 201 gold pieces.
You spent 34 gold pieces at shops.

Inventory:

Hand Weapons
 d - a +2 short sword of flaming
 h - a +2 flail of protection (weapon)
 p - a +2 falchion of holy wrath
Missiles
 f - 20 poisoned darts
 y - 2 boomerangs
Armour
 o - a +0 buckler
Jewellery
 n - a +6 ring of intelligence (left tentacle)
 q - a ring of magical power (right tentacle)
 t - an amulet of reflection (around mantle)
Scrolls
 c - a scroll of brand weapon {unknown}
 e - 2 scrolls of noise {unknown}
 i - 2 scrolls of butterflies {unknown}
 j - 3 scrolls of revelation
 l - 3 scrolls of immolation {unknown}
 m - a scroll of poison {unknown}
 r - a scroll of amnesia
 u - a scroll of fog
 w - a scroll of enchant weapon
Potions
 a - 2 potions of magic
 g - 3 potions of attraction {unknown}
 k - a potion of cancellation {unknown}
 s - a potion of enlightenment
 v - a potion of heal wounds
 z - a potion of haste


   Skills:
 + Level 5.3 Fighting
 - Level 2.0 Dodging
 - Level 2.6 Stealth
 * Level 7.4 Spellcasting
 + Level 6.9 Conjurations


You had 9 spell levels left.
You knew the following spells:

 Your Spells              Type           Power      Damage    Failure   Level
a - Magic Dart            Conj           100%       1d8       1%          1
b - Searing Ray           Conj           100%       2d8       1%          2
c - Fulminant Prism       Conj/Alch      15%        3d10      11%         4
d - Frozen Ramparts       Ice            22%        1d4       14%         3
e - Hailstorm             Conj/Ice       31%        3d8       3%          3

Your spell library contained the following spells:

 Spells                   Type           Power      Damage    Failure   Level
 Freeze                   Ice            44%        1d6       4%          1
 Iskenderun's Mystic Bla  Conj/Tloc      31%        2d8       11%         4


Dungeon Overview and Level Annotations

Branches:
Dungeon (6/15)             Temple (1/1) D:6

Altars:
Ashenzari
Cheibriados
Dithmenos
Elyvilon
Fedhas
Gozag
Hepliaklqana
Kikubaaqudgha
Nemelex Xobeh
Okawaru
Qazlal
Ru
Sif Muna
Trog
Uskayaw
Vehumet
Wu Jian
Xom
Yredelemnul
Zin
The Shining One

Shops:
D:5 *

Annotations:
D:2 1 runed translucent door, Crazy Yiuf
D:4 2 transporters, exclusion: gnoll sergeant, firemarshallily's ghost, novice OpCj
D:6 1 runed translucent door, Maggie; spaghetti's ghost, weakling NaDe


Innate Abilities, Weirdness & Mutations

You cannot wear most types of armour.
You are amphibious.
You can wear up to eight rings at the same time.
Your skin changes colour to match your surroundings (Stealth+).
Your rubbery body absorbs attacks. (AC +1, EV +1)
((You are camouflaged when in or above water. (Stealth+)))
You have tentacles for arms and can constrict up to eight enemies at once.


Message History

The puff of frost hits you!
Maggie the Vainglorious comes into view.
She is wielding a +1 long sword of pain.
The magic dart hits the white imp but does no damage.
The white imp is moderately wounded.
Maggie shouts!
The white imp shouts, "Crawl home, thou pandering dizzy-eyed scut!"
An orc comes into view. It is wielding a +0 falchion.
The magic dart hits the white imp.
The white imp is severely wounded.
The orc shouts!
You hear a shout!
The magic dart hits the white imp.
The white imp is severely wounded.
The white imp gestures at you.
You block the puff of frost... and reflect it back!
The puff of frost hits the white imp.
The white imp completely resists.
The white imp gestures at you. The puff of frost hits you!
Casting: Magic Dart (safe; 1% risk of failure)
Confirm with . or Enter, or press ? or * to list all spells.
Aiming: Searing Ray (safe; 1% risk of failure)
Press: ? - help, Shift-Dir - straight line, f - orc, p - white imp
Aim: an orc, wielding a +0 whip (83% to hit)
The searing ray misses the white imp.
The searing ray hits the orc!
You kill the orc!
Sif Muna accepts your kill. (Press . to maintain the ray.) Maggie casts a spell.
Maggie attempts to bespell you!
You are mesmerised by Maggie!
You hear a shout!
The white imp gestures at you. The puff of frost hits you!
As you read the scroll of teleportation, it crumbles to dust.
You feel strangely unstable. Maggie casts a spell at you.
The bolt of fire hits the white imp!!!
The white imp is burned terribly!
The white imp dies!
The bolt of fire hits you!!
Ouch! That really hurt!
You die...

# ##<..##.............
###................
##...#..........#
###...#..........# #
.................# ..
#...###...........
#..####.#..##..........
#.......#.#######
###[.##...@.+FSW~$~
$........#..#######
..##......####.#########
#..)@.###................
##..### #.#..........>...
#.. #.#####.......... #.
#.# #.......... #@# #.#
#.......... . #.####.#
###........


You could see Maggie (mesmerising), a bullfrog, spaghetti's ghost and an adder.

Vanquished Creatures
  3 water moccasins
  2 sky beasts (D:6)
  An ogre (D:4)
  A kobold brigand (D:6)
  A gnoll sergeant (D:5)
  2 bullfrogs (D:5)
  3 scorpions
  2 jellies
  4 orc priests
  2 sleepcaps
  5 iguanas
  3 orc wizards
  7 gnolls
  5 adders
  4 dart slugs
  5 ribbon worms
  19 orcs
  5 ball pythons
  9 endoplasms
  2 giant cockroaches
  4 goblins
  10 hobgoblins
  4 jackals
  2 quokkas
  6 bats
  2 frilled lizards
  8 kobolds
  6 rats
127 creatures vanquished.

Vanquished Creatures (others)
  A white imp (D:6)
  A kobold (D:6)
2 creatures vanquished.

Grand Total: 129 creatures vanquished

Notes
Turn   | Place    | Note
-------+----------+-------------------------------------------
     0 | D:1      | firemarshallily the Octopode Conjurer began the quest for
                  | the Orb.
     0 | D:1      | Reached XP level 1. HP: 11/11 MP: 3/3
   410 | D:1      | Reached XP level 2. HP: 18/18 MP: 1/5
   479 | D:1      | Learned a level 2 spell: Searing Ray
   913 | D:2      | Reached skill level 1 in Fighting
   913 | D:2      | Reached XP level 3. HP: 16/23 MP: 7/7
  1146 | D:2      | Reached skill level 3 in Spellcasting
  1470 | D:2      | Found a runed translucent door.
  1471 | D:2      | Noticed Crazy Yiuf
  1498 | D:2      | Reached XP level 4. HP: 28/28 MP: 4/8
  2342 | D:3      | Reached XP level 5. HP: 34/34 MP: 1/10
  2464 | D:3      | Found a faded altar of an unknown god.
  2647 | D:3      | Reached skill level 4 in Spellcasting
  2904 | D:3      | Found a sparkling altar of Nemelex Xobeh.
  2960 | D:3      | Found a broken altar of Ashenzari.
  3267 | D:4      | Reached XP level 6. HP: 41/41 MP: 12/12
  3277 | D:4      | Reached skill level 5 in Conjurations
  3764 | D:4      | Noticed a water moccasin
  3769 | D:4      | Killed a water moccasin
  3947 | D:4      | Reached XP level 7. HP: 46/46 MP: 14/14
  4177 | D:4      | Reached skill level 5 in Spellcasting
  4206 | D:4      | Found an ornate altar of the Wu Jian Council.
  4531 | D:4      | Found a transporter.
  4535 | D:4      | Found a transporter.
  4538 | D:4      | Noticed firemarshallily's ghost (novice OpCj)
  4911 | D:5      | Entered Level 5 of the Dungeon
  5049 | D:4      | Learned a level 4 spell: Fulminant Prism
  5053 | D:4      | Learned a level 3 spell: Frozen Ramparts
  5057 | D:4      | Learned a level 3 spell: Hailstorm
  5288 | D:5      | Reached skill level 6 in Spellcasting
  5288 | D:5      | Reached XP level 8. HP: 49/54 MP: 17/17
  5980 | D:5      | Found Sukhlam's CLEARANCE SALE!.
  5986 | D:5      | Bought a scroll of revelation for 30 gold pieces
  5986 | D:5      | Bought a potion of degeneration for 4 gold pieces
  6142 | D:6      | Found a staircase to the Ecumenical Temple.
  6150 | D:6      | Reached skill level 7 in Spellcasting
  6155 | D:6      | Reached skill level 5 in Fighting
  6192 | Temple   | Entered the Ecumenical Temple
  6246 | Temple   | Became a worshipper of Sif Muna the Loreminder
  6527 | D:6      | Reached XP level 9. HP: 61/61 MP: 20/20
  6558 | D:6      | Found a runed translucent door.
  6578 | D:6      | Noticed spaghetti's ghost (weakling NaDe)
  6588 | D:6      | Noticed Maggie
  6597 | D:6      | Killed from afar by Maggie

Illustrated notes

Levels and vault maps discovered:
D:1:      saegor_arrival_simple_a, layout_loops_ring
D:2:      layout_rooms, nicolae_elevator_lobby_asterisk, uniq_crazy_yiuf_cottage
D:3:      layout_basic, lemuel_coloured_pillars_altar,
          mainiacjoe_overflow_brackets, ebering_ecumenical_altar_box,
          minmay_between
D:4:      layout_layer_cave, general_overflow_altar, gammafunk_ghost_smash,
          serial_bayou_lagoon_a, minmay_manual_monolith
D:5:      layout_gridville, nicolae_shop_clearance
D:6:      layout_rooms, minmay_temple_entry_drinking_statues,
          ebering_ghost_sewer_d, serial_shops, nicolae_shop_hallway_stairs,
          uniq_duvessa, uniq_maggie
Temple:   dpeg_five_rooms_temple

Skill      XL: |  1  2  3  4  5  6  7  8 |
---------------+-------------------------+-----
Fighting       | 1 2 3 4 5 |  5.3
Spellcasting   | 3 4 6 7 |  7.4
Conjurations   | 5 6 |  6.9
Dodging        | |  2.0
Stealth        | |  2.6

Action                     |  1- 3 |  4- 6 |  7- 9 || total
---------------------------+-------+-------+-------++-------
  Melee: Short sword       |    12 |       |       ||    12
         Constrict         |     2 |    10 |     7 ||    19
         Tentacles         |     2 |    10 |    12 ||    24
         Flail             |       |    37 |    23 ||    60
         Punch             |       |     3 |       ||     3
  Throw: Dart              |     1 |       |       ||     1
   Cast: Magic Dart        |    59 |    73 |    84 ||   216
         Searing Ray       |     1 |     7 |    15 ||    23
         Hailstorm         |       |       |     5 ||     5
         Frozen Ramparts   |       |       |     2 ||     2
    Use: Scroll            |       |       |     8 ||     8
   Stab: Sleeping          |       |     3 |       ||     3
 Armour: Skin              |     8 |    17 |    26 ||    51
  Dodge: Dodged            |     3 |    30 |    19 ||    52
  Block: Other             |       |       |    11 ||    11
         Reflection        |       |       |     2 ||     2
